 Dungeon Crawl Stone Soup version 0.28.0-43-g3370ac3207 (webtiles) character file.

Game seed: 15067407900007110660

50 terff the Sneak (level 3, -2/24 HPs)
             Began as an Octopode Brigand on Mar 20, 2022.
             Slain by Grinder (7 damage)
             ... on level 3 of the Dungeon.
             The game lasted 00:03:06 (945 turns).

terff the Sneak (Octopode Brigand)                   Turns: 945, Time: 00:03:07

Health: -2/24      AC:  1    Str: 10    XL:     3   Next: 79%
Magic:  3/3        EV: 13    Int: 13    God:
Gold:   32         SH:  0    Dex: 15    Spells: 2/2 levels left

rFire   . . .      SeeInvis .   a - +2 dagger (elec)
rCold   . . .      Faith    .   (no shield)
rNeg    . . .      Spirit   .   (helmet restricted)
rPois   .          Reflect  .   (no amulet)
rElec   .          Harm     .   (no ring)
rCorr   .          Rampage  .   (no ring)
Will    .....                   (no ring)
Stlth   ++++......              (no ring)
HPRegen 0.08/turn               (no ring)
MPRegen 0.08/turn               (no ring)
                                (no ring)
                                (no ring)

@: no status effects
A: almost no armour, amphibious, 8 rings, camouflage 1, gelatinous body 1,
(nimble swimmer 1), tentacles
a: no special abilities


You were on level 3 of the Dungeon.
You visited 1 branch of the dungeon, and saw 3 of its levels.

You collected 32 gold pieces.

Inventory:

Hand Weapons
 a - a +2 dagger of electrocution (weapon)
Missiles
 b - 8 poisoned darts (quivered)
 c - 2 curare-tipped darts
Potions
 d - a potion of cancellation
 e - 3 potions of invisibility {unknown}


   Skills:
 + Level 2.2 Fighting
 + Level 2.2 Short Blades
 + Level 2.2 Throwing
 + Level 1.2 Dodging
 + Level 6.6 Stealth


You had 2 spell levels left.
You didn't know any spells.
Your spell library was empty.

Dungeon Overview and Level Annotations

Branches:
Dungeon (3/15)

Altars:

Annotations:
D:3 Grinder


Innate Abilities, Weirdness & Mutations

You cannot wear most types of armour.
You are amphibious.
You can wear up to eight rings at the same time.
Your skin changes colour to match your surroundings (Stealth+).
Your rubbery body absorbs attacks. (AC +1, EV +1)
((You are camouflaged when in or above water. (Stealth+)))
You have tentacles for arms and can constrict up to eight enemies at once.


Message History

You kill the adder!
You feel sick.
You feel sick.
You see here an adder corpse.
You feel sick.
You feel sick.
You are no longer poisoned.
A hobgoblin comes into view.
Grinder comes into view.
Grinder moves out of view.
You closely miss the hobgoblin.
The hobgoblin shouts!
You grab the hobgoblin. You constrict the hobgoblin.
You hear a shout!
The hobgoblin hits you.
You hit the hobgoblin.
You kill the hobgoblin!
You see here an adder corpse.
A ball python comes into view.
You see here an adder corpse.
Grinder gestures at you. Pain shoots through your body!
* * * LOW HITPOINT WARNING * * *
Grinder closely misses you.
You hit Grinder. Your grab misses Grinder. You squeeze Grinder!
Grinder is moderately wounded.
Grinder misses you.
You hit Grinder. Your grab misses Grinder.
Grinder is moderately wounded.
Grinder barely misses you.
You hit Grinder. Your grab misses Grinder. Your squeeze misses Grinder.
Grinder is moderately wounded.
Grinder gestures at you. Pain shoots through your body!
* * * LOW HITPOINT WARNING * * *
You hit Grinder but do no damage. You grab Grinder.
Grinder is moderately wounded.
You constrict Grinder, but do no damage.
Grinder hits you!
You die...

#...S.......... ...
#.........#.... ...
#.........#<÷.. ...
#.............. #.#
##............# #.#
#......<.......
#.####.........###..
#.##†..........# ##.
#.5@.#.........# #
.........###.........#
...###.....##.......##
#.....###.....##
#........######
#.....##. #########.


You could see Grinder.

Vanquished Creatures
  A gnoll (D:1)
  2 adders
  A worm (D:3)
  2 ball pythons
  5 bats
  2 endoplasms
  A giant cockroach (D:1)
  A goblin (D:1)
  2 hobgoblins (D:3)
  2 kobolds
  A rat (D:1)
20 creatures vanquished.

Vanquished Creatures (others)
  4 fungi (D:2)
  6 plants (D:2)
10 creatures vanquished.

Grand Total: 30 creatures vanquished

Notes
Turn   | Place    | Note
-------+----------+-------------------------------------------
     0 | D:1      | terff the Octopode Brigand began the quest for the Orb.
     0 | D:1      | Reached XP level 1. HP: 14/14 MP: 1/1
    85 | D:1      | Reached XP level 2. HP: 7/19 MP: 2/2
    95 | D:1      | Reached skill level 6 in Stealth
   560 | D:3      | Reached XP level 3. HP: 14/24 MP: 3/3
   597 | D:3      | HP: 1/24 [worm (10)]
   931 | D:3      | Noticed Grinder
   945 | D:3      | Slain by Grinder

Illustrated notes

Levels and vault maps discovered:
D:1:      scummos_arrival_hexagon, layout_basic
D:2:      layout_basic, serial_shops, nicolae_diamond_shop,
          shapermc_ecumenical_altar_mp_ritualfount
D:3:      layout_rooms, uniq_grinder

Skill      XL: |  1  2 |
---------------+-------+-----
Stealth        | 6 |  6.6
Fighting       | |  2.2
Short Blades   | |  2.2
Throwing       | |  2.2
Dodging        | |  1.2

Action                   || total
-------------------------++-------
Melee: Dagger            ||    42
       Tentacles         ||    10
       Constrict         ||     8
  Use: Scroll            ||     5
 Stab: Sleeping          ||     5
Armor: Skin              ||     5
Dodge: Dodged            ||    21
